 Dungeon Crawl Stone Soup version 0.25-a0-35-g747a2b3c0c (webtiles) character file.

Game seed: 15780830637268734377, levelgen mode: deterministic

1948 Fingolfin the Conjurer (level 9, 0/82 HPs)
             Began as a Naga Wizard on Oct 18, 2019.
             Shot with an arrow by a centaur (1 damage)
             ... on level 6 of the Dungeon.
             The game lasted 00:17:28 (6401 turns).

Fingolfin the Conjurer (Naga Wizard)                Turns: 6401, Time: 00:17:28

Health: 0/82       AC: 11    Str: 11    XL:     9   Next: 18%
Magic:  7/14       EV: 10    Int: 21    God:
Gold:   224        SH:  0    Dex:  9    Spells: 6/15 levels left

rFire    . . .     SeeInvis +   a - +4 flail
rCold    + . .     Gourm    .   (no shield)
rNeg     . . .     Faith    .   u - +0 robe
rPois    +         Spirit   .   w - +0 helmet
rElec    .         Reflect  .   (no cloak)
rCorr    .         Harm     .   g - +2 pair of gloves
MR       +....                  (no barding)
Stlth    +++.......             m - amulet of rage
HPRegen  0.23/turn              i - +3 ring of protection
MPRegen  0.14/turn              q - ring of protection from cold

@: very slow
A: large, see invisible, deformed body, poison resistance, slowness 2, slow
metabolism 1, spit poison 1, AC +3
a: Spit Poison, Evoke Berserk Rage


You were on level 6 of the Dungeon.
You were hungry.

You visited 1 branch of the dungeon, and saw 6 of its levels.

You collected 224 gold pieces.

Inventory:

Hand Weapons
 a - a +4 flail (weapon)
 b - a +0 dagger of venom
Armour
 g - a +2 pair of gloves (worn)
 u - a +0 robe (worn)
 w - a +0 helmet (worn)
Jewellery
 i - a +3 ring of protection (left hand)
 m - an amulet of rage (around neck)
 q - a ring of protection from cold (right hand)
Wands
 t - a wand of random effects (36)
 y - a wand of paralysis (10)
Scrolls
 c - 2 scrolls of enchant armour {unknown}
 h - 2 scrolls of remove curse {unknown}
 j - 9 scrolls of identify {unknown}
 k - a scroll of fog {unknown}
 n - a scroll of magic mapping {unknown}
 o - 2 scrolls of enchant weapon {unknown}
 r - 2 scrolls of blinking {unknown}
 s - a scroll of amnesia {unknown}
 x - a scroll of fear {unknown}
 B - a scroll of random uselessness {unknown}
Potions
 e - 2 potions of agility {unknown}
 f - a potion of degeneration {unknown}
 l - a potion of mutation {unknown}
 p - 2 potions of might {unknown}
 v - 2 potions of heal wounds {unknown}
 z - a potion of magic {unknown}
Comestibles
 d - 8 rations


   Skills:
 - Level 6.1 Fighting
 + Level 2.6 Armour
 + Level 2.3 Dodging
 - Level 6.2 Stealth
 - Level 3.5 Spellcasting
 - Level 6.6 Conjurations
   Level 1.0 Summonings
 - Level 2.0 Translocations
 - Level 2.1 Fire Magic
 - Level 2.1 Air Magic
 - Level 2.0 Poison Magic


You had 6 spell levels left.
You knew the following spells:

 Your Spells              Type           Power        Failure   Level  Hunger
a - Magic Dart            Conj           ####         1%          1    None
b - Blink                 Tloc           N/A          9%          2    ##.....
c - Conjure Flame         Conj/Fire      ###.....     6%          3    ###....
d - Mephitic Cloud        Conj/Pois/Air  ###.....     9%          3    ###....

Your spell library contained the following spells:

 Spells                   Type           Power        Failure   Level  Hunger
 Call Imp                 Summ           #.......     13%         2    ##.....
 Slow                     Hex            #.......     19%         2    ##.....


Dungeon Overview and Level Annotations

Branches:
Dungeon (6/15)
 Temple: D:4-7

Altars:
Elyvilon
Gozag
Hepliaklqana
Okawaru

Annotations:
D:6 1 transporter


Innate Abilities, Weirdness & Mutations

You cannot wear boots.
Your serpentine skin is tough. (AC +3)
You have supernaturally acute eyesight. (SInv)
Armour fits poorly on your strangely shaped body.
Your system is resistant to poisons. (rPois)
You cover ground very slowly.
You have a slow metabolism.
You can spit poison.


Message History

You see here 2 arrows.
The hound barely misses you.
The centaur shoots an arrow.
The arrow barely misses you.
A wight comes into view.
It is wielding a +4 morningstar of freezing.
The hound bites you but does no damage.
The centaur shoots an arrow.
The arrow hits you.
* * * LOW HITPOINT WARNING * * *
The centaur cries.
The centaur shoots an arrow.
The arrow hits you.
* * * LOW HITPOINT WARNING * * *
The hound bites you.
* * * LOW HITPOINT WARNING * * *
There is a stone staircase leading up here.
You see here 2 arrows.
You can't go down here!
The hound bites you.
* * * LOW HITPOINT WARNING * * *
The orc wizard hits the centaur but does no damage.
The centaur shoots an arrow.
The arrow hits you.
You die...

##.......##............## #.
#....................#.###..
####......#....................
#....#####.....................
#.....# ##...z.................
##.....# #......................
##..)...# ##...................##
#......## #.......(............##
#......# #.....@..#.............
#......#####h.>.h................
###..............###...........##
##.#.........>(c.............#
###.........O.......####...##
##....c.F.(....###. ##..#
###......o...†..## #..#
#..........(....# #..#
#...............#


You could see a black bear (confused), an ogre, a bullfrog (confused), 2
centaurs, a hound, a wight (wandering) and an orc wizard (confused).

Vanquished Creatures
  The ghost of Goblin1989 the Ruffian, a novice TrHu of Okawaru (D:5)
  Grinder (D:4)
  Duvessa (D:4)
  2 sky beasts
  A phantom (D:4)
  A centaur (D:6)
  2 bullfrogs (D:6)
  A scorpion (D:6)
  Dowan (D:4)
  A crimson imp (D:5)
  2 bullfrog zombies (D:6)
  A hound (D:6)
  4 orc priests
  2 bullfrog skeletons (D:6)
  2 centaur skeletons
  2 orc wizards (D:5)
  A worker ant (D:6)
  Ijyb (D:3)
  An iguana (D:6)
  Natasha (thrice) (D:3)
  A hound zombie (D:5)
  Robin (D:3)
  7 adders
  4 gnolls (D:6)
  A shadow imp (D:2)
  An ooze (D:4)
  2 adder skeletons
  3 worms
  A dart slug (D:1)
  4 leopard geckos
  17 orcs
  4 bats
  2 giant cockroaches
  10 hobgoblins
  13 kobolds
  A quokka (D:5)
  3 frilled lizards
  2 giant cockroach zombies
  11 goblins
  A leopard gecko skeleton (D:6)
  A quokka skeleton (D:4)
  4 rats
125 creatures vanquished.

Notes
Turn   | Place    | Note
-------+----------+-------------------------------------------
     0 | D:1      | Fingolfin the Naga Wizard began the quest for the Orb.
     0 | D:1      | Reached XP level 1. HP: 15/15 MP: 4/4
   371 | D:1      | Reached XP level 2. HP: 22/22 MP: 3/6
   378 | D:1      | Learned a level 2 spell: Blink
  1018 | D:2      | Reached XP level 3. HP: 28/28 MP: 2/7
  1023 | D:2      | Learned a level 3 spell: Conjure Flame
  1286 | D:2      | Learned a level 3 spell: Mephitic Cloud
  1671 | D:2      | Reached XP level 4. HP: 20/36 MP: 3/9
  2136 | D:3      | Found a faded altar of an unknown god.
  2395 | D:3      | Noticed Natasha
  2401 | D:3      | Killed Natasha
  2401 | D:3      | Reached XP level 5. HP: 42/42 MP: 4/10
  2411 | D:3      | Noticed Ijyb
  2423 | D:3      | Killed Ijyb
  2780 | D:3      | Noticed Robin
  2785 | D:3      | Killed Robin
  3147 | D:3      | Noticed Natasha
  3156 | D:3      | Killed Natasha
  3156 | D:3      | Reached skill level 1 in Poison Magic
  3176 | D:3      | Found a faded altar of an unknown god.
  3240 | D:3      | Noticed Natasha
  3249 | D:3      | Killed Natasha
  3249 | D:3      | Reached skill level 1 in Fire Magic
  3249 | D:3      | Reached skill level 1 in Air Magic
  3249 | D:3      | Reached XP level 6. HP: 44/49 MP: 5/11
  3725 | D:4      | Found an iron altar of Okawaru.
  3800 | D:4      | Noticed a phantom
  3850 | D:4      | Killed a phantom
  4162 | D:4      | Noticed Dowan
  4164 | D:4      | Noticed Duvessa
  4219 | D:4      | Killed Dowan
  4237 | D:4      | Killed Duvessa
  4237 | D:4      | Reached skill level 5 in Conjurations
  4237 | D:4      | Reached XP level 7. HP: 24/55 MP: 2/12
  4568 | D:4      | Noticed Grinder
  4580 | D:4      | Killed Grinder
  4887 | D:5      | Entered Level 5 of the Dungeon
  4933 | D:5      | Found a runed translucent gate.
  4934 | D:5      | Found a runed translucent gate.
  4935 | D:5      | Found a runed translucent gate.
  4937 | D:5      | Noticed Goblin1989's ghost (novice TrHu)
  4956 | D:5      | Found a white marble altar of Elyvilon.
  4957 | D:5      | Found a hazy altar of Hepliaklqana.
  5070 | D:5      | Reached skill level 1 in Armour
  5283 | D:5      | Reached XP level 8. HP: 52/62 MP: 4/13
  5504 | D:5      | Reached skill level 1 in Fighting
  5863 | D:6      | Found a transporter.
  5951 | D:5      | Killed Goblin1989's ghost
  5951 | D:5      | Reached skill level 5 in Fighting
  6222 | D:6      | Reached XP level 9. HP: 82/82 MP: 10/14
  6231 | D:6      | Found an opulent altar of Gozag.
  6365 | D:6      | Reached skill level 5 in Stealth
  6400 | D:6      | HP: 4/82 [centaur/arrow (1)]
  6401 | D:6      | HP: 1/82 [hound (2)]
  6401 | D:6      | Shot with an arrow by a centaur

Levels and vault maps discovered:
D:1:      evilmike_arrival_rings, layout_basic, kennysheep_doodads
D:2:      wad_lake_hut, layout_basic, first_ration
D:3:      kennysheep_big_flooded_room, layout_rooms,
          chequers_ecumenical_altar_lobes, uniq_robin, uniq_ijyb, uniq_natasha
D:4:      layout_loops_ring, okawaru_altar_gauntlet_db, uniq_duvessa,
          uniq_grinder
D:5:      layout_loops_cross, lemuel_crystal_altar, ebering_ghost_rock_garden,
          elyvilon_altar_4
D:6:      gammafunk_cloud_chamber, layout_cave_pools,
          gammafunk_temple_overflow_wave, nicolae_gozag_seed_capital,
          minmay_alternating_orb

Skill      XL: |  1  2  3  4  5  6  7  8  9 |
---------------+----------------------------+-----
Conjurations   | 2 3 4 5 6 |  6.6
Translocations | 2 |  2.0
Poison Magic   | 1 2 |  2.0
Fire Magic     | 1 2 |  2.1
Air Magic      | 1 2 |  2.1
Armour         | 2 |  2.6
Dodging        | 2 |  2.3
Fighting       | 6 |  6.1
Stealth        | 6 |  6.2
Spellcasting   | |  3.5
Summonings     | |  1.0

Action                   |  1- 3 |  4- 6 |  7- 9 || total
-------------------------+-------+-------+-------++-------
Melee: Dagger            |    23 |    10 |       ||    33
       Flail             |       |    46 |    86 ||   132
 Cast: Magic Dart        |    50 |   100 |    65 ||   215
       Mephitic Cloud    |       |     3 |     3 ||     6
       Conjure Flame     |       |     1 |     4 ||     5
       Blink             |       |       |     4 ||     4
 Abil: Spit Poison       |    15 |    32 |    14 ||    61
 Stab: Confused          |       |     1 |       ||     1
       Sleeping          |       |       |     1 ||     1
  Eat: Chunk             |     2 |     6 |     6 ||    14
       Ration            |       |     1 |       ||     1
Armor: Robe              |    20 |    36 |    74 ||   130
Dodge: Dodged            |    13 |    34 |   111 ||   158

Table legend:
 A = Non-vault XP
 B = Vault XP
 C = Vault XP percentage of total XP
 D = Non-vault monster count
 E = Vault monster count
 F = Vault count percentage of total count
                 A         B        C        D         E       F
            +---------+---------+-------+---------+---------+-------
      Total |    1457 |    1327 |  47.7 |      92 |      33 |  26.4
            +---------+---------+-------+---------+---------+-------
        D:1 |      18 |       0 |   0.0 |      10 |       0 |   0.0
        D:2 |      91 |       0 |   0.0 |      17 |       0 |   0.0
        D:3 |     104 |     120 |  53.6 |      19 |      17 |  47.2
        D:4 |     185 |     507 |  73.3 |      10 |       9 |  47.4
        D:5 |     461 |     477 |  50.9 |      16 |       2 |  11.1
        D:6 |     598 |     223 |  27.2 |      20 |       5 |  20.0
            +---------+---------+-------+---------+---------+-------
